 Dungeon Crawl Stone Soup version 0.21.1-1-g345015f (webtiles) character file.

238 Fang the Chopper (level 6, -3/39 HPs)
             Began as a Gargoyle Berserker on Apr 24, 2018.
             Was a Follower of Trog.
             Slain by an orc
             ... wielding a +2 morningstar of crushing
              (10 damage)
             ... on level 3 of the Dungeon.
             The game lasted 00:02:16 (2272 turns).

Fang the Chopper (Gargoyle Berserker)               Turns: 2272, Time: 00:02:16

Health: -3/39      AC:  6    Str: 22    XL:     6   Next: 7%
Magic:  6/6        EV: 12    Int:  8    God:    Trog [*.....]
Gold:   131        SH:  0    Dex:  9    Spells: 5/5 levels left

rFire    . . .     SeeInvis .   a - +0 hand axe
rCold    . . .     Gourm    .   (no shield)
rNeg     + . .     Faith    .   b - +0 animal skin
rPois    ∞         Spirit   .   (no helmet)
rElec    +         Reflect  .   (no cloak)
rCorr    .         Harm     .   (no gloves)
MR       .....                  (no boots)
Stlth    ++........             l - amulet of rage
HPRegen  0.13/turn              (no ring)
MPRegen  0.10/turn              (no ring)

@: berserk cooldown, starving, slowed, very slow
A: negative energy resistance 1, electricity resistance, unbreathing,
petrification resistance, rot immunity, AC +4
a: Berserk, Burn Spellbooks, Renounce Religion, Evoke Berserk Rage


You were on level 3 of the Dungeon.
You worshipped Trog.
Trog was aware of your devotion.
You were starving.

You visited 1 branch of the dungeon, and saw 3 of its levels.

You collected 131 gold pieces.

Inventory:

Hand Weapons
 a - a +0 hand axe (weapon)
Missiles
 g - 2 exploding tomahawks (quivered)
Armour
 b - a +0 animal skin (worn)
Jewellery
 l - an amulet of rage (around neck)
Scrolls
 d - 4 scrolls of identify {unknown}
 h - 4 scrolls of enchant weapon {unknown}
 k - a scroll of amnesia {unknown}
 m - a scroll of blinking {unknown}
 n - a scroll of immolation {unknown}
 o - a scroll of noise {unknown}
 q - a scroll of fear {unknown}
Potions
 e - 2 potions of heal wounds {unknown}
 f - 2 potions of brilliance {unknown}
 i - a potion of agility {unknown}
 j - 2 potions of magic {unknown}
 p - a potion of curing {unknown}
Comestibles
 c - 2 rations


   Skills:
 + Level 4.3 Fighting
 + Level 4.5 Axes
 + Level 2.3 Armour
 + Level 2.7 Dodging
 + Level 1.5 Stealth


You had 5 spell levels left.
You didn't know any spells.

Dungeon Overview and Level Annotations

Branches:
Dungeon (3/15)

Altars:
Kikubaaqudgha
Makhleb
Okawaru
Trog


Innate Abilities, Weirdness & Mutations

You are resistant to torment.
Your stone body is resilient. (AC +4)
You are immune to poison.
You resist negative energy. (rN+)
You are resistant to electric shocks. (rElec)
You can survive without breathing.
You are immune to petrification.
You are immune to rotting.


Message History

The orc shouts!
Things that are here:
a dagger; a robe You feel a strong urge to attack something.
You are no longer berserk.
You are exhausted.
You feel yourself slow down. The orc closely misses you.
You hit the orc but do no damage.
The orc hits you with a morningstar of crushing.
You hit the orc but do no damage. The orc hits you but does no damage.
You barely miss the orc. You closely miss the orc.
The orc hits you but does no damage.
The orc hits you with a morningstar of crushing.
The orc hits you but does no damage.
The orc hits you with a morningstar of crushing!
* * * LOW HITPOINT WARNING * * *
x2 You hit the orc but do no damage.
You barely miss the orc. The orc barely misses you.
The orc hits you with a morningstar of crushing!
You die...

#....[......#
#...........## .
#.............
..#.............
................
................
.......<........
.....##)........
###...o@........
#...oo........
#..!.........##.
...............
.%..............
........../.....
........#....#.
....#####.....


You could see 3 orcs.

Vanquished Creatures
  A black bear (D:2)
  A howler monkey (D:3)
  An orc wizard (D:3)
  4 adders (D:2)
  A worm (D:2)
  A leopard gecko (D:3)
  A ball python (D:2)
  6 bats
  2 giant cockroaches
  5 goblins
  6 hobgoblins (D:1)
  2 jackals (D:1)
  A quokka (D:2)
  2 frilled lizards (D:2)
  4 kobolds
  2 rats (D:1)
40 creatures vanquished.

Notes
Turn   | Place    | Note
-------+----------+-------------------------------------------
     0 | D:1      | Fang the Gargoyle Berserker began the quest for the Orb.
     0 | D:1      | Reached XP level 1. HP: 14/14 MP: 1/1
   336 | D:1      | Reached XP level 2. HP: 19/19 MP: 2/2
  1020 | D:1      | Reached XP level 3. HP: 17/23 MP: 3/3
  1493 | D:2      | Found an iron altar of Okawaru.
  1493 | D:2      | Noticed a black bear
  1505 | D:2      | Killed a black bear
  1505 | D:2      | Reached skill level 1 in Stealth
  1505 | D:2      | Reached XP level 4. HP: 8/29 MP: 4/4
  1505 | D:2      | Reached XP level 5. HP: 9/33 MP: 5/5
  1712 | D:2      | Found a bloodstained altar of Trog.
  1714 | D:2      | Found a burning altar of Makhleb.
  1717 | D:2      | Found an ancient bone altar of Kikubaaqudgha.
  2266 | D:3      | Reached XP level 6. HP: 36/39 MP: 6/6
  2272 | D:3      | Slain by an orc

Skill      XL: |  1  2  3 |
---------------+----------+-----
Axes           | 3 4 |  4.5
Fighting       | 4 |  4.3
Dodging        | 2 |  2.7
Stealth        | 1 |  1.5
Armour         | |  2.3

Action                   |  1- 3 |  4- 6 || total
-------------------------+-------+-------++-------
Melee: Hand axe          |   116 |    64 ||   180
Invok: Berserk           |     1 |     1 ||     2
 Stab: Sleeping          |     1 |       ||     1
  Eat: Chunk             |     1 |     3 ||     4
Armor: Animal skin       |    47 |    21 ||    68
Dodge: Dodged            |    91 |    34 ||   125
